 Dungeon Crawl Stone Soup version 0.29-a0-222-g5b244fca1f (webtiles) character file.

Game seed: 12867092675572564671

94 jlumianski the Chopper (level 4, -4/34 HPs)
             Began as a Demonspawn Gladiator on Feb 27, 2022.
             Slain by a gnoll
             ... wielding a +0 halberd
              (12 damage)
             ... on level 3 of the Dungeon.
             The game lasted 00:09:06 (1628 turns).

jlumianski the Chopper (Demonspawn Gladiator)       Turns: 1628, Time: 00:09:07

Health: -4/34      AC:  5    Str: 14 (16) XL:     4   Next: 38%
Magic:  4/4        EV: 11    Int:  8 (9)  God:
Gold:   84         SH:  4    Dex: 14 (15) Spells: 3/3 levels left

rFire   . . .      SeeInvis .   a - +0 war axe
rCold   . . .      Faith    .   (no shield)
rNeg    . . .      Spirit   .   n - +0 ring mail
rPois   .          Reflect  .   (helmet restricted)
rElec   .          Harm     .   (no cloak)
rCorr   .          Rampage  .   (no gloves)
Will    .....                   (no boots)
Stlth   +.........              h - amulet of magic regeneration
HPRegen 0.11/turn               q - +4 ring of slaying
MPRegen 0.49/turn               (no ring)

@: no status effects
A: spiny 1, horns 1, large bone plates 1, evolution 1, MP-powered wands
a: no special abilities


You were on level 3 of the Dungeon.
You visited 1 branch of the dungeon, and saw 3 of its levels.

You collected 84 gold pieces.

Inventory:

Hand Weapons
 a - a +0 war axe (weapon)
Missiles
 d - 3 throwing nets (quivered)
 j - 94 stones
Armour
 b - a +0 leather armour
 c - a +0 helmet
 n - a +0 ring mail (worn)
Magical Staves
 t - a staff of air
Jewellery
 h - an amulet of magic regeneration (around neck)
 q - a +4 ring of slaying (left hand)
Scrolls
 i - a scroll of magic mapping
 m - a scroll of teleportation {unknown}
 p - 2 scrolls of fog {unknown}
 s - a scroll of acquirement {unknown}
 u - a scroll of fear {unknown}
 w - a scroll of enchant weapon {unknown}
Potions
 e - a potion of lignification
 g - a potion of magic
 k - 2 potions of degeneration
 l - a potion of cancellation {unknown}
 o - a potion of flight {unknown}
 r - a potion of resistance {unknown}
 v - a potion of mutation
 x - a potion of attraction {unknown}
 z - a potion of invisibility {unknown}


   Skills:
 + Level 2.5 Fighting
 + Level 3.9 Axes
 + Level 1.8 Throwing
 + Level 0.9 Armour
 + Level 3.2 Dodging


You had 3 spell levels left.
You didn't know any spells.
Your spell library contained the following spells:

 Spells                   Type           Power      Damage    Failure   Level
 Beastly Appendage        Tmut           0%         N/A       65%         1
 Sting                    Tmut/Pois      0%         1d3       65%         1
 Frozen Ramparts          Ice            0%         1d2       95%         3
 Ice Form                 Ice/Tmut       0%         N/A       100%        4
 Summon Ice Beast         Ice/Summ       0%         N/A       100%        4
 Alistair's Intoxication  Tmut/Pois      0%         N/A       100%        5
 Blade Hands              Tmut           0%         N/A       100%        5


Dungeon Overview and Level Annotations

Branches:
Dungeon (3/15)

Altars:


Innate Abilities, Weirdness & Mutations

You are partially covered in sharp spines.
You have a pair of small horns on your head.
You are partially covered in large bone plates. (SH +4)
You have hidden genetic potential.
You expend magic power (3 MP) to strengthen your wands.


Message History

Found a stone staircase leading up.
Found an escape hatch in the ceiling.
There is an escape hatch in the ceiling here.
p - 2 scrolls labelled XIYSMU OGAOS (gained 1)
A rat comes into view.
Found a murky yellow potion.
The rat is struck by your spines.
You kill the rat!
z - a murky yellow potion
Okay, then.
Unknown command.
As you read the scroll labelled HAIMOES VIOX, it crumbles to dust.
It is a scroll of identify.
e - a potion of lignification
As you read the scroll of identify, it crumbles to dust.
g - a potion of magic
As you read the scroll of identify, it crumbles to dust.
i - a scroll of magic mapping Done exploring.
Done exploring.
(D) Dungeon
Where to? (Enter - D:2, ? - help)
What level of the Dungeon? (default 1, ? - help)
There is a stone staircase leading down here.
You climb downwards.
The gnoll shouts! x4
There is a stone staircase leading up here.
There are monsters nearby!
You closely miss the goblin. The goblin hits you but does no damage.
You closely miss the goblin. The goblin closely misses you.
You barely miss the goblin.
A hobgoblin comes into view.
The goblin is struck by your spines. The goblin hits you with a +0 club.
The gnoll hits you from afar with a +0 halberd!
The gnoll hits you from afar with a +0 halberd.
The hobgoblin shouts!
The gnoll hits you from afar with a +0 halberd!
* * * LOW HITPOINT WARNING * * *
The goblin barely misses you.
The gnoll hits you from afar with a +0 halberd!
You die...

..##...
..#.g..
....8.
#....##
#..g.#
#ggg##
#.g..#
#.@.#
#...#
#####


You could see 4 gnolls, a hobgoblin and a goblin.

Vanquished Creatures
  2 adders (D:2)
  A worm (D:2)
  4 dart slugs (D:1)
  2 ball pythons
  6 bats
  4 endoplasms
  2 giant cockroaches (D:2)
  3 goblins
  9 hobgoblins
  5 jackals
  7 kobolds
  5 quokkas
  3 frilled lizards
  4 rats
57 creatures vanquished.

Notes
Turn   | Place    | Note
-------+----------+-------------------------------------------
     0 | D:1      | jlumianski the Demonspawn Gladiator began the quest for the
                  | Orb.
     0 | D:1      | Reached XP level 1. HP: 16/16 MP: 1/1
    31 | D:1      | Got the Tome of Cankerous Transformation
   128 | D:1      | Gained mutation: You are partially covered in sharp spines.
                  | [demonic ancestry]
   128 | D:1      | Reached XP level 2. HP: 22/22 MP: 2/2
   640 | D:1      | Reached XP level 3. HP: 27/27 MP: 3/3
  1142 | D:2      | Reached XP level 4. HP: 34/34 MP: 4/4
  1435 | D:2      | Gained mutation: You passively dampen the noise of your
                  | surroundings. [potion of mutation]
  1435 | D:2      | Gained mutation: You do not regenerate when monsters are
                  | visible. [potion of mutation]
  1436 | D:2      | Lost mutation: You passively dampen the noise of your
                  | surroundings. [potion of mutation]
  1436 | D:2      | Lost mutation: You do not regenerate when monsters are
                  | visible. [potion of mutation]
  1436 | D:2      | Gained mutation: You have hidden genetic potential. [potion
                  | of mutation]
  1436 | D:2      | Gained mutation: You are partially covered in large bone
                  | plates. (SH +4) [potion of mutation]
  1436 | D:2      | Gained mutation: You have a pair of small horns on your
                  | head. [potion of mutation]
  1436 | D:2      | Gained mutation: You expend magic power (3 MP) to
                  | strengthen your wands. [potion of mutation]
  1628 | D:3      | Slain by a gnoll

Illustrated notes

Levels and vault maps discovered:
D:1:      dpeg_arrival_chambers_temple_mockup, layout_rooms,
          hangedman_glass_garden
D:2:      layout_rooms, minmay_pentomino_q4
D:3:      layout_loops_cross, grunt_temple_overflow_open,
          nemelex_dance_club_becter, grunt_ministairs_12,
          kennysheep_pointless_box, uniq_ijyb

Skill      XL: |  1  2 |
---------------+-------+-----
Dodging        | 3 |  3.2
Axes           | 3 |  3.9
Fighting       | |  2.5
Throwing       | |  1.8
Armour         | |  0.9

Action                   |  1- 3 |  4- 6 || total
-------------------------+-------+-------++-------
Melee: War axe           |    65 |    18 ||    83
  Use: Scroll            |       |     3 ||     3
       Potion            |       |     3 ||     3
Armor: Leather armour    |    11 |       ||    11
       Ring mail         |     7 |     5 ||    12
Dodge: Dodged            |    57 |    10 ||    67

Table legend: (Time is in decaauts)
 A = Elapsed time spent in this place.
 B = Non-inter-level travel time spent in this place.
 C = Inter-level travel time spent in this place.
 D = Time resting spent in this place.
 E = Time spent auto-exploring this place.
 F = Levels seen in this place.
 G = Mean time per level.
                   A        B        C        D        E       F      G
               +--------+--------+--------+--------+--------+-----+--------+
         Total |   1655 |   1605 |     50 |    137 |    917 |   3 |  551.7 |
       Dungeon |   1655 |   1605 |     50 |    137 |    917 |   3 |  551.7 |
               +--------+--------+--------+--------+--------+-----+--------+

Top non-repeatable levels by time:
     D:1: 922 daAuts
     D:2: 727 daAuts
     D:3: 5 daAuts
